 Dungeon Crawl Stone Soup version 0.19.5 (webtiles) character file.

489 Santreim the Skirmisher (level 6, -3/57 HPs)
             Began as a Minotaur Fighter on Mar 14, 2017.
             Slain by an unseen horror (6 damage)
             ... on level 5 of the Dungeon.
             The game lasted 00:10:12 (4137 turns).

Santreim the Skirmisher (Minotaur Fighter)          Turns: 4137, Time: 00:10:13

Health: -3/57      AC:  8    Str: 21    XL:     6   Next: 90%
Magic:  5/5        EV:  8    Int:  5    God:
Gold:   156        SH: 10    Dex: 11    Spells: 0 memorised, 5 levels left

rFire  x . .     SeeInvis .     a - +0 flail
rCold  + . .     Gourm    .     b - +0 scale mail
rNeg   . . .     Faith    .     c - +0 shield
rPois  .         Spirit   .     (helmet restricted)
rElec  .         Reflect  .     s - +0 cloak
rCorr  .         Harm     .     (no gloves)
MR     .....                    (no boots)
Stlth  ..........               (no amulet)
                                (no ring)
                                r - ring of ice

@: no status effects
A: retaliatory headbutt, horns 2
a: no special abilities


You were on level 5 of the Dungeon.
You were not hungry.

You visited 1 branch of the dungeon, and saw 5 of its levels.

You collected 156 gold pieces.

Inventory:

Hand Weapons
 a - a +0 flail (weapon)
Missiles
 v - 2 tomahawks (quivered)
Armour
 b - a +0 scale mail (worn)
 c - a +0 shield (worn)
 s - a +0 cloak (worn)
Jewellery
 r - a ring of ice (left hand)
Wands
 d - a wand of random effects (34/48)
Scrolls
 h - a scroll of amnesia {unknown}
 i - 5 scrolls of identify
 j - a scroll of fear {unknown}
 n - 4 scrolls of remove curse {unknown}
 p - a scroll of enchant armour {unknown}
 t - a scroll of silence {unknown}
 w - a scroll of teleportation {unknown}
Potions
 e - 4 potions of curing {unknown}
 g - a potion of agility {unknown}
 k - 5 potions of brilliance {unknown}
 m - a potion of invisibility
 o - 2 potions of lignification {unknown}
Comestibles
 f - 4 bread rations
 l - 2 fruits
 q - a slice of pizza
 u - a chunk of flesh


   Skills:
 + Level 6.0 Fighting
 + Level 4.7 Maces & Flails
 + Level 5.6 Armour
 - Level 0.2 Dodging
 + Level 5.4 Shields


You had 5 spell levels left.
You didn't know any spells.

Dungeon Overview and Level Annotations

Branches:
Dungeon (5/15)
 Temple: D:4-7

Altars:
Ashenzari
Dithmenos
Fedhas
Gozag
Ru


Innate Abilities, Weirdness & Mutations

You reflexively headbutt those who attack you in melee.
You have a pair of horns on your head.


Message History

You hear a splashing noise.
You block something's attack. You block something's attack.
Something hits you but does no damage. Something hits you.
Something hits you but does no damage.
You enter the shallow water.
Moving in this stuff is going to be slow.
Something hits you but does no damage. You block something's attack.
Something hits you. Something hits you but does no damage.
Something hits you but does no damage. You block something's attack.
You start resting.
You block something's attack. Something hits you.
* * * LOW HITPOINT WARNING * * *
Something hits you.
* * * LOW HITPOINT WARNING * * *
Something hits you!
* * * LOW HITPOINT WARNING * * *
Something hits you but does no damage. You block something's attack.
Something hits you but does no damage. Something hits you.
You die...

#..# #........#
#..#####........#
#........#.######
#...######.### #.....<......#
####### #....#.###.#.#
###..≈≈≈## #..........#.#
#####≈..####.##
.....##.##.#.###..≈≈≈##+ ##.#
.........#.#.##.@##### #.#
...#.#####.#.####+ #.....#.#
...........#.# #≈P..≈#≈#
#..#.#######.#
#.....#%PP.?#≈# .....# #.#
#≈..PP#..?.≈#≈# #..### #.#
#)PP..#≈≈≈≈≈#≈# #.>..#
#####.# #?%.≈≈##≈;≈##≈#
...#.# #.....#
#≈≈(≈≈######.##
##.#+###....(####;;;##≈≈...##


There were no monsters in sight!

Vanquished Creatures
  An ice beast (D:5)
  A howler monkey (D:4)
  A crimson imp (D:5)
  A hound (D:3)
  2 worker ants
  Robin (D:2)
  3 gnolls (D:4)
  9 adders
  5 oozes
  3 worms
  2 dart slugs
  A leopard gecko (D:1)
  2 orcs (D:4)
  4 ball pythons
  2 giant cockroaches
  11 goblins
  16 hobgoblins
  6 jackals
  7 kobolds
  A quokka (D:2)
  7 bats
  3 frilled lizards
  14 rats
103 creatures vanquished.

Notes
Turn   | Place    | Note
-------+----------+-------------------------------------------
     0 | D:1      | Santreim the Minotaur Fighter began the quest for the Orb.
     0 | D:1      | Reached XP level 1. HP: 19/19 MP: 0/0
   174 | D:1      | Reached skill level 4 in Fighting
   195 | D:1      | Reached XP level 2. HP: 26/27 MP: 1/1
   778 | D:2      | Reached XP level 3. HP: 30/33 MP: 2/2
  1069 | D:2      | Noticed Robin
  1102 | D:2      | Killed Robin
  1102 | D:2      | Reached XP level 4. HP: 6/41 MP: 3/3
  1707 | D:2      | Found a shadowy altar of Dithmenos.
  1707 | D:2      | Found a shattered altar of Ashenzari.
  1942 | D:3      | Reached skill level 5 in Fighting
  2068 | D:3      | Reached XP level 5. HP: 48/48 MP: 4/4
  2230 | D:2      | Found an opulent altar of Gozag.
  2245 | D:3      | Found a sacrificial altar of Ru.
  2405 | D:3      | Reached skill level 5 in Armour
  2820 | D:4      | Reached XP level 6. HP: 51/56 MP: 5/5
  2953 | D:4      | Reached skill level 5 in Shields
  3039 | D:4      | Found a blossoming altar of Fedhas.
  3760 | D:5      | Entered Level 5 of the Dungeon
  4023 | D:5      | Noticed an ice beast
  4028 | D:5      | Killed an ice beast
  4092 | D:5      | Reached skill level 6 in Fighting
  4137 | D:5      | Slain by an unseen horror

Skill      XL: |  1  2  3  4  5  6 |
---------------+-------------------+-----
Fighting       | 4 5 6 |  6.0
Armour         | 4 5 |  5.6
Shields        | 4 5 |  5.4
Maces & Flails | 3 4 |  4.7
Dodging        | |  0.2

Action                   |  1- 3 |  4- 6 || total
-------------------------+-------+-------++-------
Melee: Flail             |    92 |   203 ||   295
       Headbutt          |    13 |    26 ||    39
Throw: Stone             |     4 |     4 ||     8
  Use: Potion            |     1 |       ||     1
       Scroll            |       |     3 ||     3
  Eat: Chunk             |     1 |     8 ||     9
       Fruit             |       |     2 ||     2
Armor: Scale mail        |    48 |   110 ||   158
Dodge: Dodged            |    31 |    42 ||    73
Block: Shield            |    64 |   113 ||   177
